AoeStats
← Topaxd

Arena

505807261Analyzed
3v3 RM · 20d ago on Sep 11, 2026· 31m 56s· 6 players
Game mode
Random Map
Map size
Normal (6 player)
Population
200
Speed
Normal
Resources
Standard
Victory
Conquest
Starting age
Dark Age
Ending age
Imperial Age
RankedLock teamsTeams togetherTeam positionsShared explorationLock speedFull tech treeHidden civsTurbo modeCheats
Victory
Defeat
🇺🇸 Teutons · United States
780
+10
🇺🇸 Franks · United States
756
+11
🇺🇸 Persians · United States
600
+16
🇵🇦 Khmer · Panama
656
-13
🇨🇱 Burgundians · Chile
655
-14
🇨🇱 Bulgarians · Chile
578
-10
ricardolarasoza
10:38 Wheelbarrow
12:52 Feudal Age
11:18 Double-Bit Axe
16:05 Bow Saw
18:51 Gold Mining
18:53 Stone Mining
18:49 Horse Collar
19:45 Hand Cart
21:39 Castle Age
23:53 Heavy Plow
29:28 Gold Shaft Mining
29:29 Stone Shaft Mining
30:35 Squires
30:20 Arson
30:53 Forging
30:43 Scale Mail Armor
30:50 Treadmill Crane
31:21 Fortified Wall
Topaxd
3:10 Loom
11:34 Feudal Age
13:01 Double-Bit Axe
15:08 Wheelbarrow
14:19 Horse Collar
16:58 Arson
24:08 Forging
24:03 Scale Mail Armor
28:00 Castle Age
30:22 Thumb Ring
Javi_20i
11:05 Feudal Age
14:33 Double-Bit Axe
14:30 Horse Collar
18:03 Castle Age
19:30 Wheelbarrow
19:09 Bow Saw
19:01 Heavy Plow
19:59 Loom
25:14 Stone Mining
25:21 Gold Mining
26:32 Hand Cart
26:03 Town Watch
26:17 Arson
27:47 Stone Shaft Mining
27:48 Gold Shaft Mining
28:13 Town Patrol
29:25 Husbandry
29:36 Bloodlines
SilverTigre
11:42 Feudal Age
12:12 Double-Bit Axe
22:18 Castle Age
25:17 Wheelbarrow
26:17 Bow Saw
26:18 Kamandaran
27:10 Crossbowman
27:51 Fletching
28:03 Padded Archer Armor
27:56 Loom
29:07 Thumb Ring
31:11 Bodkin Arrow
32:36 Leather Archer Armor
Determined_Carpenter
11:50 Feudal Age
12:33 Horse Collar
12:41 Double-Bit Axe
13:29 Gold Mining
17:57 Castle Age
17:00 Stone Mining
17:18 Fletching
17:41 Forging
18:06 Scale Mail Armor
18:55 Bow Saw
19:19 Heavy Plow
21:53 Wheelbarrow
22:04 Loom
24:23 Hand Cart
24:01 Man-at-Arms
24:28 Gambesons
27:16 Bodkin Arrow
28:08 Long Swordsman
31:23 Iron Casting
micahsanders29
11:36 Feudal Age
9:52 Loom
12:39 Loom
13:29 Wheelbarrow
12:45 Double-Bit Axe
17:49 Castle Age
19:39 Husbandry
22:11 Gold Mining
24:01 Stone Mining
30:05 Pikeman
31:33 #83
32:24 Ballistics
32:00 Murder Holes
32:16 Masonry
32:13 Scale Barding Armor
Connection lost

Rejoining the realm…

Still unreachable

The connection could not be restored.

Session expired

The server has moved on; the page needs a fresh start.